 Dungeon Crawl Stone Soup version 0.25.1-4-g9407a263a5 (webtiles) character file.

Game seed: 12559020391023772177

70 JakoBeide the Chiller (level 4, -7/30 HPs)
             Began as a Demonspawn Ice Elementalist on Nov 23, 2020.
             Mangled by a worm (9 damage)
             ... on level 2 of the Dungeon on Nov 25, 2020.
             The game lasted 00:16:01 (1809 turns).

JakoBeide the Chiller (Demonspawn Ice Elementalist) Turns: 1809, Time: 00:16:02

Health: -7/30      AC:  3    Str:  8    XL:     4   Next: 4%
Magic:  0/7        EV: 12    Int: 17    God:
Gold:   89         SH:  0    Dex: 14    Spells: 3/7 levels left

rFire    . . .     SeeInvis .   (no weapon)
rCold    . . .     Gourm    .   (no shield)
rNeg     + . .     Faith    .   a - +0 robe
rPois    .         Spirit   .   (no helmet)
rElec    .         Reflect  .   b - scarf {repulsion}
rCorr    .         Harm     .   h - +0 pair of gloves
MR       .....                  (no boots)
Stlth    +++.......             j - amulet of regeneration
HPRegen  0.50/turn              g - ring of positive energy
MPRegen  0.10/turn              (no ring)

@: repel missiles
A: nightstalker 1
a: no special abilities


You were on level 2 of the Dungeon.
You were not hungry.

You visited 1 branch of the dungeon, and saw 2 of its levels.

You collected 89 gold pieces.

Inventory:

Armour
 a - a +0 robe (worn)
 b - a scarf of repulsion (worn)
 e - a +0 robe
 h - a +0 pair of gloves (worn)
Jewellery
 g - a ring of positive energy (left hand)
 j - an amulet of regeneration (around neck)
Scrolls
 d - 2 scrolls of remove curse
 f - a scroll of fog
 i - a scroll of enchant armour {unknown}
 k - 2 scrolls of identify
Comestibles
 c - 6 rations
 l - 4 chunks of flesh


   Skills:
 + Level 0.1 Fighting
 + Level 2.0 Dodging
 + Level 2.1 Stealth
 + Level 0.5 Unarmed Combat
 + Level 2.3 Spellcasting
 + Level 4.5 Ice Magic


You had 3 spell levels left.
You knew the following spells:

 Your Spells              Type           Power        Failure   Level  Hunger
a - Freeze                Ice            ###.         3%          1    #......
b - Frozen Ramparts       Ice            ###...       9%          3    ###....

Your spell library contained the following spells:

 Spells                   Type           Power        Failure   Level  Hunger
 Ozocubu's Armour         Chrm/Ice       #.......     22%         3    ###....
 Hailstorm                Conj/Ice       #.......     58%         4    #####..
 Summon Ice Beast         Ice/Summ       #.......     58%         4    #####..


Dungeon Overview and Level Annotations

Branches:
Dungeon (2/15)

Altars:
Sif Muna
Uskayaw


Innate Abilities, Weirdness & Mutations

You are slightly more attuned to the shadows.


Message History

Press: ? - help, Shift-Dir - straight line, f/p - worm
Aim: a worm You freeze the worm.
The worm is moderately wounded.
The worm barely misses you.
Casting: Freeze (safe; 3% risk of failure)
Confirm with . or Enter, or press ? or * to list all spells.
Aiming: Freeze (safe; 3% risk of failure)
Press: ? - help, Shift-Dir - straight line, f/p - worm
Aim: a worm (moderately wounded)
You freeze the worm!
The worm is severely wounded.
As you read the scroll of identify, it crumbles to dust.
f - a scroll of fog The worm bites you!
* * * LOW HITPOINT WARNING * * *
You barely miss the worm.
The worm is severely wounded.
The worm bites you!
You die...

.## ##..#
#.# # #..#
#.# #..# #.#
#### #.# #.#
######<#####
#......$...#
#........w.#
#.........@#
#?.........#
...........#
#..........#
#..........#
#..........#
#..........#
############


You could see a worm.

Vanquished Creatures
  2 adders (D:2)
  An ooze (D:1)
  A worm (D:2)
  2 dart slugs (D:1)
  3 giant cockroaches
  9 goblins
  3 hobgoblins
  3 jackals (D:1)
  A quokka (D:2)
  A ball python (D:1)
  6 bats
  2 frilled lizards (D:1)
  2 kobolds (D:1)
  4 rats
40 creatures vanquished.

Notes
Turn   | Place    | Note
-------+----------+-------------------------------------------
     0 | D:1      | JakoBeide the Demonspawn Ice Elementalist began the quest
                  | for the Orb.
     0 | D:1      | Reached XP level 1. HP: 13/13 MP: 3/3
    90 | D:1      | Upgraded the game from 0.25.1-3-ge44b62a0b3 to
                  | 0.25.1-4-g9407a263a5
   338 | D:1      | Gained mutation: You are slightly more attuned to the
                  | shadows. [demonic ancestry]
   338 | D:1      | Reached XP level 2. HP: 19/19 MP: 3/5
   378 | D:1      | Reached skill level 4 in Ice Magic
   933 | D:1      | Reached XP level 3. HP: 23/24 MP: 3/6
  1282 | D:2      | Found a hide-covered altar of Uskayaw.
  1387 | D:2      | Found a shimmering blue altar of Sif Muna.
  1590 | D:2      | Learned a level 3 spell: Frozen Ramparts
  1802 | D:2      | Reached XP level 4. HP: 11/30 MP: 2/7
  1808 | D:2      | HP: 1/30 [worm (8)]
  1809 | D:2      | Mangled by a worm

Illustrated notes

Levels and vault maps discovered:
D:1:      wander_arrival_desolate, layout_basic
D:2:      layout_rooms, led_sif_pool, lemuel_round_altar

Skill      XL: |  1  2  3 |
---------------+----------+-----
Ice Magic      | 4 |  4.5
Dodging        | 2 |  2.0
Stealth        | 2 |  2.1
Fighting       | |  0.1
Unarmed Combat | |  0.5
Spellcasting   | |  2.3

Action                   |  1- 3 |  4- 6 || total
-------------------------+-------+-------++-------
Melee: Unarmed           |    47 |     1 ||    48
 Cast: Freeze            |    61 |     2 ||    63
       Frozen Ramparts   |     2 |       ||     2
  Use: Scroll            |     6 |     1 ||     7
  Eat: Ration            |     1 |       ||     1
Armor: Robe              |    24 |       ||    24
Dodge: Dodged            |    60 |     2 ||    62
